 Dungeon Crawl Stone Soup version 0.31-a0-618-g7ca08c1ff9 (webtiles) character file.

Game seed: 3009045271749671736

3302 bobarctor the Thaumaturge (level 9, -5/54 (57) HPs)
             Began as a Demonspawn Necromancer on Aug 23, 2023.
             Was a Believer of Dithmenos.
             Succumbed to their own dark miasma
             ... on level 9 of the Dungeon.
             The game lasted 00:50:23 (9392 turns).

bobarctor the Thaumaturge (Demonspawn Necromancer)  Turns: 9392, Time: 00:50:23

HP:   -5/54 (57)    AC: 11    Str:  9    XL:     9   Next: 70%
MP:   19/31         EV: 33    Int: 20    God:    Dithmenos [**....]
Gold: 394           SH:  4    Dex: 17    Spells: 2/27 levels left

rFire   + + .        J - +4 short sword of Eternal Harmony {flame, rF++ Dex+3}
rCold   . . .        (no shield)
rNeg    . . .        a - +0 robe
rPois   .            i - +1 helmet
rElec   .            (no cloak)
rCorr   .            (no gloves)
SInv    .            y - +0 pair of boots
Will    .....        q - amulet of the acrobat
Stlth   +++          x - ring of magical power
HPRegen 0.29/turn    r - +5 ring of evasion
MPRegen 0.22/turn

%: acrobat
@: lethally poisoned (-5 -> -57), acrobatic, slowed, wreathed by umbra, drained,
very slow
A: icemail 1, spiny 1, sharp scales 2, condensation shield, weakness stinger 2
a: Renounce Religion, Shadow Step


You were on level 9 of the Dungeon.
You worshipped Dithmenos.
Dithmenos was pleased with you.
You visited 2 branches of the dungeon, and saw 10 of its levels.
You also visited: Sewer.

You collected 394 gold pieces.

Inventory:

Hand Weapons
 k - a +0 arbalest
 o - a +2 dagger of venom
 v - a +2 heavy spear
 J - the +4 short sword of Eternal Harmony (weapon) {flame, rF++ Dex+3}
   (You found it on level 6 of the Dungeon)

   Dex+3:     It affects your dexterity (+3).
   rF++:      It greatly protects you from fire.
Missiles
 c - 91 stones
 m - 33 poisoned darts
 B - 8 boomerangs
 I - 2 curare-tipped darts
Armour
 a - a +0 robe (worn)
 i - a +1 helmet (worn)
 s - a scarf of harm
 y - a +0 pair of boots (worn)
 A - an orb of energy
Magical Staves
 u - a staff of cold
Jewellery
 f - a ring of protection from fire
 q - an amulet of the acrobat (around neck)
 r - a +5 ring of evasion (right hand)
 x - a ring of magical power (left hand)
Scrolls
 d - a scroll of blinking
 e - a scroll of torment {unknown}
 h - 3 scrolls of fear
 j - 4 scrolls of fog
 p - a scroll of amnesia
 G - 4 scrolls of teleportation {unknown}
 H - a scroll of noise {unknown}
Potions
 b - 2 potions of magic
 g - 2 potions of resistance
 l - a potion of enlightenment
 n - 2 potions of might {unknown}
 t - 4 potions of curing
 w - a potion of invisibility {unknown}
 z - 3 potions of haste
 D - 2 potions of mutation {unknown}
 E - a potion of lignification {unknown}
 F - 3 potions of heal wounds


   Skills:
 + Level 3.0 Dodging
 + Level 3.3 Stealth
 + Level 0.3 Shields
 * Level 9.7 Spellcasting
 + Level 8.7 Necromancy
 * Level 5.5 Invocations


You had 2 spell levels left.
You knew the following spells:

 Your Spells              Type           Power      Damage    Failure   Level
a - Necrotise             Necr           100%       1d9       1%          1
b - Vampiric Draining     Necr           44%        2d9       1%          3
c - Dispel Undead         Necr           44%        3d17      1%          4
d - Animate Dead          Necr           44%        N/A       1%          4
e - Cigotuvi's Dreadful   Necr/Pois/Air  42%        N/A       3%          2
f - Agony                 Necr           44%        N/A       5%          5
g - Death Channel         Necr           22%        N/A       30%         6

Your spell library contained the following spells:

 Spells                   Type           Power      Damage    Failure   Level
 Manifold Assault         Tloc           9%         N/A       56%         4
 Fireball                 Conj/Fire      4%         3d4       89%         5
 Iskenderun's Battlesphe  Conj           9%         2d6       89%         5
 Conjure Ball Lightning   Conj/Air       4%         3x3d6     100%        6
 Dispersal                Tloc           4%         N/A       100%        6
 Orb of Destruction       Conj           4%         9d5       100%        7
 Disjunction              Tloc           4%         N/A       100%        8


Dungeon Overview and Level Annotations

Branches:
Dungeon (9/15)             Temple (1/1) D:6           Sewer (visited)
   Lair: D:8-11         Orc: D:9-12

Altars:
Ashenzari
Cheibriados
Dithmenos
Fedhas
Gozag
Hepliaklqana
Kikubaaqudgha
Makhleb
Nemelex Xobeh
Okawaru
Qazlal
Ru
Sif Muna
Trog
Vehumet
Wu Jian
Xom
Yredelemnul

Shops:
D:7 (   D:8 =

Annotations:
D:7 2 transporters, Age's ghost, novice MiFi


Innate Abilities, Weirdness & Mutations

A meltable icy envelope protects you from harm. (AC +4)
You are partially covered in sharp spines.
You are mostly covered in razor-sharp scales. (AC +2, Slay +2)
A meltable shield of frost defends you. (SH +4)
You have a tail ending in a sharp stinger.


Message History

Casting: Animate Dead (dangerous; 1% risk of failure)
Confirm with . or Enter, or press ? or * to list all spells.
A part of your flesh rots into a cloud of miasma!
You feel drained.
The acid dragon roars!
The acid dragon bites you. The acid dragon barely misses you.
Casting: Cigotuvi's Dreadful Rot (safe; 3% risk of failure)
Confirm with . or Enter, or press ? or * to list all spells.
Aiming: Agony (quite dangerous; 5% risk of failure)
Press: ? - help, Shift-Dir - straight line, f - acid dragon
Aim: an acid dragon (ally target, umbra, chance to affect: 97%)
The acid dragon convulses!
You are engulfed in dark miasma.
You are poisoned.
You feel very sick.
The acid dragon bites you but does no damage.
The acid dragon claws you but does no damage.
Casting: Agony (quite dangerous; 5% risk of failure)
Confirm with . or Enter, or press ? or * to list all spells.
Aiming: Vampiric Draining (safe; 1% risk of failure)
Press: ? - help, Shift-Dir - straight line, f/p - acid dragon
Aim: an acid dragon (heavily wounded, ally target, umbra)
You draw life force from the acid dragon!
You feel life coursing into your body!
You are engulfed in dark miasma.
You are lethally poisoned!
You feel extremely sick. The acid dragon completely misses you.
The acid dragon claws you but does no damage.
Casting: Vampiric Draining (safe; 1% risk of failure)
Confirm with . or Enter, or press ? or * to list all spells.
Aiming: Vampiric Draining (safe; 1% risk of failure)
Press: ? - help, Shift-Dir - straight line, f/p - acid dragon
Aim: an acid dragon (almost dead, ally target, umbra)
You draw life force from the acid dragon!
You kill the acid dragon!
Dithmenos accepts your kill.
You feel life coursing into your body.
You are engulfed in dark miasma.
You are more poisoned.
You feel yourself slow down.
* * * LOW HITPOINT WARNING * * *
You feel extremely sick.
You're standing in a cloud of foul pestilence!
You die...

###+####
#...=..#
#......+
+......#
#..@...#
##○##### #Z.#
##.#####
#.....#
#####.#
#########'###
#...........#
+...........+


You could see a friendly centaur zombie.

Vanquished Creatures
  A wyvern (D:8)
  A steam dragon (D:6)
  A water moccasin (D:5)
  2 acid dragons
  An orc warrior (D:7)
  A black bear (D:5)
  2 sky beasts (D:7)
  3 ogres
  2 centaurs
  A phantom (D:7)
  A kobold brigand (D:6)
  A bullfrog (D:7)
  4 scorpions
  3 wights (D:8)
  5 killer bees (D:8)
  A howler monkey (D:4)
  3 electric eels (D:8)
  3 jellies (Sewer)
  3 hounds
  5 orc priests
  2 iguanas
  5 orc wizards
  2 gnolls (D:4)
  12 adders
  A river rat (Sewer)
  3 white imps
  An ufetubus (D:6)
  2 worms
  3 dart slugs
  10 orcs
  12 ball pythons
  2 bats
  15 endoplasms
  8 giant cockroaches
  8 hobgoblins
  7 jackals
  11 quokkas
  5 frilled lizards
  7 goblins
  13 kobolds
  13 rats
186 creatures vanquished.

Vanquished Creatures (collateral kills)
  A kobold brigand (D:6)
  An orc wizard (D:5)
  A gnoll (D:4)
  An adder (D:6)
  A white imp (D:5)
  A worm (Sewer)
  3 endoplasms (Sewer)
  A giant cockroach (Sewer)
  4 jackals
  A ball python (Sewer)
  A frilled lizard (D:2)
  3 kobolds (D:6)
  A rat (Sewer)
20 creatures vanquished.

Vanquished Creatures (others)
  A water moccasin zombie (D:5)
  2 killer bee zombies (D:8)
  A steam dragon zombie (D:6)
  2 adder zombies
  An endoplasm zombie (Sewer)
  A frilled lizard zombie (Sewer)
  A giant cockroach zombie (Sewer)
  2 orc zombies (D:7)
11 creatures vanquished.

Grand Total: 217 creatures vanquished

Notes
Turn   | Place    | Note
-------+----------+-------------------------------------------
     0 | D:1      | bobarctor the Demonspawn Necromancer began the quest for
                  | the Orb.
     0 | D:1      | Reached XP level 1. HP: 13/13 MP: 3/3
    80 | D:1      | You fall into a shaft and drop 1 floor!
   410 | D:2      | Gained mutation: You have a small tail. [demonic ancestry]
   410 | D:2      | Reached XP level 2. HP: 19/19 MP: 3/5
   604 | D:2      | Reached skill level 5 in Necromancy
   705 | D:2      | Gained mutation: You are partially covered in sharp spines.
                  | [demonic ancestry]
   705 | D:2      | Reached XP level 3. HP: 24/24 MP: 4/6
   737 | D:2      | Learned a level 3 spell: Vampiric Draining
  1184 | D:1      | Reached skill level 3 in Spellcasting
  1741 | D:1      | Gained mutation: A meltable shield of frost defends you.
                  | (SH +4) [demonic ancestry]
  1741 | D:1      | Reached XP level 4. HP: 30/30 MP: 8/8
  1755 | D:1      | Learned a level 4 spell: Dispel Undead
  2593 | D:3      | Found a faded altar of an unknown god.
  3348 | D:4      | Gained mutation: A meltable icy envelope protects you from
                  | harm. (AC +4) [demonic ancestry]
  3348 | D:4      | Reached XP level 5. HP: 34/35 MP: 10/10
  3351 | D:4      | Reached skill level 4 in Spellcasting
  3609 | D:4      | Learned a level 4 spell: Animate Dead
  3969 | D:4      | Gained mutation: You are partially covered in razor-sharp
                  | scales. (AC +1, Slay +1) [demonic ancestry]
  3969 | D:4      | Reached XP level 6. HP: 41/41 MP: 13/13
  4093 | D:4      | Found a snail-covered altar of Cheibriados.
  4097 | D:4      | Found a shadowy altar of Dithmenos.
  4105 | D:4      | Became a worshipper of Dithmenos the Shadowed
  4278 | D:4      | Learned a level 2 spell: Cigotuvi's Dreadful Rot
  4323 | D:4      | Reached skill level 5 in Spellcasting
  4534 | D:5      | Entered Level 5 of the Dungeon
  4694 | D:5      | Found a glowing drain.
  4725 | Sewer    | Entered a sewer
  4770 | Sewer    | Reached * piety under Dithmenos
  4819 | Sewer    | Reached skill level 1 in Invocations
  4865 | Sewer    | Found a viscous altar of Jiyva.
  4980 | Sewer    | Reached XP level 7. HP: 46/46 MP: 15/15
  5117 | D:5      | Reached skill level 6 in Spellcasting
  5399 | D:5      | Reached ** piety under Dithmenos
  5476 | D:5      | Learned a level 5 spell: Agony
  5526 | D:5      | Reached skill level 7 in Spellcasting
  5526 | D:5      | Gained mutation: You are mostly covered in razor-sharp
                  | scales. (AC +2, Slay +2) [demonic ancestry]
  5526 | D:5      | Reached XP level 8. HP: 37/52 MP: 18/18
  6247 | D:6      | Identified the +4 short sword of Eternal Harmony {flame,
                  | rF++ Dex+3}
  6388 | D:6      | Found a staircase to the Ecumenical Temple.
  6395 | Temple   | Entered the Ecumenical Temple
  6519 | D:6      | Reached skill level 8 in Spellcasting
  6543 | D:6      | Found a radiant altar of Vehumet.
  6546 | D:6      | Found a sacrificial altar of Ru.
  6548 | D:6      | Found a stormy altar of Qazlal.
  6548 | D:6      | Found an opulent altar of Gozag.
  6883 | D:7      | Found a transporter.
  6894 | D:7      | Found a transporter.
  6898 | D:7      | Noticed a moth of wrath
  6898 | D:7      | Noticed Age's ghost (novice MiFi)
  7027 | D:7      | Gained mutation: You have a tail ending in a sharp stinger.
                  | [demonic ancestry]
  7027 | D:7      | Reached XP level 9. HP: 50/57 MP: 21/21
  7458 | D:7      | Found an iron altar of Okawaru.
  7817 | D:7      | Found Cap Xese's Antique Weapon Emporium.
  8689 | D:8      | Reached skill level 9 in Spellcasting
  8809 | D:8      | Learned a level 6 spell: Death Channel
  8857 | D:8      | Reached skill level 5 in Invocations
  9289 | D:8      | Found Fofich's Jewellery Shop.
  9392 | D:9      | Succumbed to their own dark miasma

Illustrated notes

Levels and vault maps discovered:
D:1:      minmay_arrival_wavy_path, layout_loops_ring
D:2:      layout_basic
D:3:      layout_loops_ring, shapermc_ecumenical_altar_flowoftime,
          minmay_misc_feat_secret_circle
D:4:      layout_basic, minitemple, chequers_garden,
          minmay_misc_feat_more_columns, st_stairs_9, kennysheep_generic_room_3
D:5:      layout_cave_pools, gup_sewer_entry_pipe
D:6:      layout_gridville, grunt_temple_overflow_open,
          minmay_temple_entry_wispy
D:7:      layout_loops_ring, gammafunk_ghost_berserking_beasts, serial_shops,
          shop_fountains, david_defended_altar_orc
D:8:      layout_loops_ring, serial_shops, shop, serial_bayou_ford_a
D:9:      layout_roguey, orc_david_3, serial_shops,
          nicolae_shop_just_a_little_nook
Temple:   eino_temple_lava

Skill      XL: |  1  2  3  4  5  6  7  8  9 |
---------------+----------------------------+-----
Necromancy     | 5 6 7 8 |  8.7
Dodging        | 2 3 |  3.0
Spellcasting   | 3 4 5 7 8 9 |  9.7
Invocations    | 1 2 3 5 |  5.5
Stealth        | 2 3 |  3.3
Shields        | |  0.3

Action                     |  1- 3 |  4- 6 |  7- 9 || total
---------------------------+-------+-------+-------++-------
  Melee: Unarmed           |     7 |       |       ||     7
         Dagger            |    29 |    77 |    34 ||   140
         Tailslap          |     2 |    10 |    25 ||    37
         Punch             |     1 |       |     3 ||     4
         Short sword       |       |       |   112 ||   112
   Fire: Arbalest          |       |       |     8 ||     8
  Throw: Stone             |       |       |     1 ||     1
         Boomerang         |       |       |     1 ||     1
   Cast: Necrotise         |    62 |   118 |    62 ||   242
         Animate Dead      |       |     2 |    13 ||    15
         Vampiric Draining |       |       |    22 ||    22
         Agony             |       |       |     4 ||     4
         Cigotuvi's Dreadf |       |       |     2 ||     2
    Use: Scroll            |       |    13 |     2 ||    15
   Stab: Sleeping          |       |     1 |     2 ||     3
         Distracted        |       |       |     1 ||     1
 Armour: Robe              |    13 |    13 |    47 ||    73
  Dodge: Dodged            |    39 |    27 |   105 ||   171
  Block: Other             |       |     6 |    22 ||    28
         Orb               |       |     2 |       ||     2

Table legend: (Time is in decaauts)
 A = Elapsed time spent in this place.
 B = Non-inter-level travel time spent in this place.
 C = Inter-level travel time spent in this place.
 D = Time resting spent in this place.
 E = Time spent auto-exploring this place.
 F = Levels seen in this place.
 G = Mean time per level.
                   A        B        C        D        E       F      G
               +--------+--------+--------+--------+--------+-----+--------+
         Total |   9458 |   9171 |    287 |   1487 |   5751 |  11 |  859.8 |
       Dungeon |   9116 |   8829 |    287 |   1474 |   5599 |   9 | 1012.9 |
        Temple |      9 |      9 |      0 |      0 |      0 |   1 |    9.0 |
         Sewer |    332 |    332 |      0 |     13 |    152 |   1 |  332.0 |
               +--------+--------+--------+--------+--------+-----+--------+

Top non-repeatable levels by time:
     D:8: 1480 daAuts
     D:2: 1270 daAuts
     D:4: 1265 daAuts
     D:1: 1219 daAuts
     D:6: 1209 daAuts
     D:5: 933 daAuts
     D:3: 851 daAuts
     D:7: 837 daAuts
   Sewer: 332 daAuts
     D:9: 48 daAuts
  Temple: 9 daAuts
